 Dungeon Crawl Stone Soup version 0.19.0-2-gae57169 (webtiles) character file.

31 Peloso the Skirmisher (level 3, -1/28 (31) HPs)
             Began as a Ghoul Fighter on Nov 3, 2016.
             Slain by Natasha (8 damage)
             ... on level 2 of the Dungeon.
             The game lasted 00:02:29 (1129 turns).

Peloso the Skirmisher (Ghoul Fighter)               Turns: 1129, Time: 00:02:33

HP:   -1/28 (31)    AC:  7    Str: 19    XL:     3   Next: 22%
MP:   2/2           EV:  7    Int:  3    God:
Gold: 21            SH:  8    Dex:  9    Spells: 0 memorised, 2 levels left

rFire  . . .     SeeInvis .     a - +0 long sword
rCold  + . .     Gourm    .     o - +1 scale mail {rPois}
rNeg   + + +     Faith    .     c - +0 shield
rPois  ∞         Spirit   .     (no helmet)
rElec  .         Reflect  .     (no cloak)
rCorr  .         Harm     .     (no gloves)
MR     .....                    (no boots)
Stlth  ..........               (no amulet)
                                (no ring)
                                (no ring)

@: rotting
A: rotting body, claws 1, carnivore 3, cold resistance 1, negative energy
resistance 3, slow regeneration 1, torment resistance, unbreathing
a: no special abilities


You were on level 2 of the Dungeon.
You were hungry.

You visited 1 branch of the dungeon, and saw 2 of its levels.

You collected 21 gold pieces.

Inventory:

Hand Weapons
 a - a +0 long sword (weapon)
Armour
 c - a +0 shield (worn)
 o - a +1 scale mail of poison resistance (worn)
Scrolls
 e - a scroll of amnesia {unknown}
 g - a scroll of identify {unknown}
 h - a scroll of fog {unknown}
 m - a scroll of recharging {unknown}
 p - a scroll of noise {unknown}
Potions
 b - a potion of cancellation {unknown}
 d - a potion of might
 i - a potion of magic {unknown}
 j - 2 potions of invisibility {unknown}
 k - a potion of cure mutation {unknown}
 l - a potion of curing {unknown}
 q - a potion of mutation {unknown}
Comestibles
 f - a meat ration
 n - a slice of pizza


   Skills:
 + Level 3.5 Fighting
 + Level 2.0 Long Blades
 + Level 3.0 Armour
 + Level 0.3 Dodging
 + Level 3.1 Shields


You had 2 spell levels left.
You didn't know any spells.

Dungeon Overview and Level Annotations

Branches:
Dungeon (2/15)

Altars:

Annotations:
D:2 Natasha


Innate Abilities, Weirdness & Mutations

Your body is rotting away.
You thrive on raw meat.
You are immune to poison.
You have sharp fingernails.
You are carnivorous and can eat meat at any time.
Your flesh is cold resistant. (rC+)
You are immune to negative energy. (rN+++)
You regenerate slowly when monsters are visible.
You are immune to unholy pain and torment.
You can survive without breathing.


Message History

You barely miss Natasha. Natasha claws you.
Natasha claws you but does no damage.
You closely miss Natasha. You block Natasha's attack.
Natasha mewls in sadness.
Natasha claws you.
You closely miss Natasha. You block Natasha's attack.
Natasha casts a spell.
You closely miss Natasha. Natasha claws you.
* * * LOW HITPOINT WARNING * * *
Natasha barely misses you.
You hit Natasha.
Natasha is lightly wounded.
Natasha barely misses you. x2
You closely miss Natasha.
Natasha is lightly wounded.
You feel yourself speed up.
Natasha mumbles some strange words.
You feel disoriented. Natasha claws you!
You die...

.##.............###....#
#..
..............####...#.###
#..
.####.#..#..#........#....
....
..............#.#......
#.#..
#####..#..##.g..........
...#..
........##.#.5....... ..
... .....#.....#.....##.#
.....#.######h......#
.....##.. #@##.##### ###
## #.##.# #.#### ..# ####


You could see Natasha and a white imp.

Vanquished Creatures
  An ooze (D:1)
  A dart slug (D:1)
  3 leopard geckos
  A giant cockroach (D:1)
  3 goblins
  4 hobgoblins
  A kobold (D:1)
  4 bats
  A frilled lizard (D:1)
19 creatures vanquished.

Notes
Turn   | Place    | Note
-------+----------+-------------------------------------------
     0 | D:1      | Peloso the Ghoul Fighter began the quest for the Orb.
     0 | D:1      | Reached XP level 1. HP: 19/19 MP: 0/0
   161 | D:1      | Reached XP level 2. HP: 23/26 MP: 1/1
   837 | D:2      | Reached XP level 3. HP: 30/30 MP: 2/2
   871 | D:2      | Noticed Natasha
  1129 | D:2      | Slain by Natasha

Skill      XL: |  1  2 |
---------------+-------+-----
Armour         | 3 |  3.0
Shields        | 3 |  3.1
Long Blades    | 2 |  2.0
Fighting       | |  3.5
Dodging        | |  0.3

Action                   || total
-------------------------++-------
Melee: Long sword        ||    73
Armor: Scale mail        ||    42
Dodge: Dodged            ||    38
Block: Shield            ||    38
       Rpst.: Long sword ||     9
